 Dungeon Crawl Stone Soup version 0.26-a0-639-g72c4674329 (webtiles) character file.

Game seed: 11512337039623727302

1215 Flugslaktarn the Chopper (level 8, -5/75 HPs)
             Began as a Deep Dwarf Fighter on Sept 29, 2020.
             Was a Follower of Makhleb.
             Killed by divine providence
             ... invoked by an orc priest
              (9 damage)
             ... on level 7 of the Dungeon.
             The game lasted 00:02:00 (2692 turns).

Flugslaktarn the Chopper (Deep Dwarf Fighter)       Turns: 2692, Time: 00:02:00

Health: -5/75      AC: 12    Str: 23    XL:     8   Next: 22%
Magic:  9/9        EV:  5    Int:  8    God:    Makhleb [*.....]
Gold:   196        SH: 11    Dex: 12    Spells: 7/7 levels left

rFire    . . .     SeeInvis .   a - +0 war axe
rCold    . . .     Faith    .   c - +1 kite shield
rNeg     . . .     Spirit   .   u - +0 plate armour
rPois    .         Reflect  .   m - -1 helmet
rElec    .         Harm     .   (no cloak)
rCorr    .         Rampage  .   (no gloves)
MR       +....                  (no boots)
Stlth    ..........             g - amulet of the acrobat
HPRegen  0.00/turn              (no ring)
MPRegen  0.11/turn              (no ring)

@: lethally poisoned (-5 -> -5), non-regenerating
A: damage resistance, heal wounds, sense surroundings 1, no regeneration
a: Heal Wounds, Renounce Religion


You were on level 7 of the Dungeon.
You worshipped Makhleb.
Makhleb was aware of your devotion.
You visited 2 branches of the dungeon, and saw 8 of its levels.

You collected 196 gold pieces.

Inventory:

Hand Weapons
 a - a +0 war axe (weapon)
Armour
 c - a +1 kite shield (worn)
 m - a -1 helmet (worn)
   (You found it on level 5 of the Dungeon)
 u - a +0 plate armour (worn)
   (You found it on level 5 of the Dungeon)
Jewellery
 g - an amulet of the acrobat (around neck)
   (You found it on level 3 of the Dungeon)
 o - a cursed ring of teleportation {unknown}
   (You found it on level 6 of the Dungeon)
Wands
 p - a wand of iceblast (6)
   (You found it on level 6 of the Dungeon)
Scrolls
 j - a scroll of noise {unknown}
 l - a scroll of identify {unknown}
 t - 3 scrolls of teleportation
 x - a scroll of remove curse
Potions
 b - a potion of curing {unknown}
 d - 3 potions of might
 e - 2 potions of heal wounds {unknown}
 f - a potion of brilliance {unknown}
 h - 2 potions of flight {unknown}
 i - a potion of mutation {unknown}
 k - a potion of haste {unknown}
 n - 2 potions of lignification {unknown}
 q - a potion of stabbing {unknown}
 s - 2 potions of ambrosia {unknown}


   Skills:
 * Level 5.6 Fighting
 * Level 6.1 Axes
 + Level 5.3 Armour
 + Level 2.7 Dodging
 - Level 4.2 Shields
 + Level 4.1 Invocations


You had 7 spell levels left.
You didn't know any spells.
Your spell library was empty.

Dungeon Overview and Level Annotations

Branches:
Dungeon (7/15)             Temple (1/1) D:4

Altars:
Ashenzari
Cheibriados
Dithmenos
Elyvilon
Fedhas
Gozag
Hepliaklqana
Kikubaaqudgha
Makhleb
Nemelex Xobeh
Okawaru
Qazlal
Ru
Sif Muna
Trog
Uskayaw
Vehumet
Wu Jian
Xom
Yredelemnul
Zin
The Shining One

Annotations:
D:6 1 exclusion


Innate Abilities, Weirdness & Mutations

You are resistant to damage.
You can heal yourself by infusing magical energy.
You passively map a small area around you.
You do not regenerate.


Message History

Beogh smites you!
* * * LOW HITPOINT WARNING * * *
You can't go up here!
You feel much better. You block the leopard gecko's attack.
The worker ant completely misses you. You block the orc priest's attack.
The two-headed ogre hits you with a +0 giant spiked club!
The two-headed ogre hits you with a +0 giant club!!
The iguana completely misses you.
The leopard gecko bites you but does no damage.
The orc priest calls down the wrath of Beogh upon you.
Beogh smites you!
* * * LOW HITPOINT WARNING * * *
Okay, then.
You fail to use your ability.
The orc warrior hits you with a +0 battleaxe!
* * * LOW HITPOINT WARNING * * *
The worker ant bites you but does no damage.
The orc priest calls down the wrath of Beogh upon you.
Beogh smites you!
You die...

* , .#..........,
##............ ,
#.............
#............. ,
#.............
##.).o..>..... ,
#...olo.......
#..<)@Oo...... * ,
#...aol?...... ,
,#.....os)...... ,
, #..............,
, #..............
> * ,, ,
,,.....#..........
,......###########
, * ...... ,
...... ,, , ,


You could see a two-headed ogre, an orc warrior, an iguana, a worker ant, 3 orc
priests, 2 orcs, a leopard gecko and a giant cockroach.

Vanquished Creatures
  Prince Ribbit (D:6)
  An ice beast (D:6)
  4 ogres
  A bullfrog (D:6)
  A howler monkey (D:6)
  An orc priest (D:4)
  A bullfrog zombie (D:6)
  A jelly (D:5)
  A hound (D:4)
  An orc wizard (D:7)
  2 centaur skeletons
  An iguana (D:6)
  5 worker ants
  A hound zombie (D:5)
  A hound skeleton (D:4)
  4 adders
  A shadow imp (D:6)
  An ufetubus (D:6)
  An adder zombie (D:5)
  A worm (D:3)
  A leopard gecko (D:4)
  13 orcs
  3 giant cockroaches (D:4)
  A goblin (D:1)
  2 hobgoblins
  A quokka (D:2)
  2 bats
  A frilled lizard (D:5)
  2 kobolds
  2 quokka skeletons (D:5)
59 creatures vanquished.

Notes
Turn   | Place    | Note
-------+----------+-------------------------------------------
     0 | D:1      | Flugslaktarn the Deep Dwarf Fighter began the quest for the
                  | Orb.
     0 | D:1      | Reached XP level 1. HP: 20/20 MP: 1/1
   219 | D:3      | Reached XP level 2. HP: 25/27 MP: 2/2
   420 | D:4      | Reached skill level 3 in Axes
   420 | D:4      | Reached XP level 3. HP: 20/34 MP: 3/3
   425 | D:4      | Found a staircase to the Ecumenical Temple.
   434 | Temple   | Entered the Ecumenical Temple
   442 | Temple   | Reached XP level 4. HP: 21/42 MP: 4/4
   694 | Temple   | Became a worshipper of Makhleb the Destroyer
   839 | D:4      | Reached skill level 1 in Invocations
   839 | D:4      | Reached XP level 5. HP: 11/50 MP: 5/5
   946 | D:4      | Noticed an ogre
   952 | D:4      | Killed an ogre
   952 | D:4      | Reached skill level 4 in Axes
   967 | D:4      | Reached XP level 6. HP: 30/57 MP: 7/7
  1428 | D:4      | Found a burning altar of Makhleb.
  1520 | D:5      | Entered Level 5 of the Dungeon
  1527 | D:5      | Reached * piety under Makhleb
  2000 | D:5      | Reached skill level 1 in Dodging
  2099 | D:6      | Reached XP level 7. HP: 61/66 MP: 7/7
  2192 | D:6      | HP: 2/66 [ice beast (7)]
  2196 | D:6      | Reached skill level 5 in Axes
  2215 | D:6      | Reached skill level 5 in Fighting
  2299 | D:6      | Noticed Prince Ribbit
  2315 | D:6      | Reached skill level 5 in Armour
  2383 | D:6      | Found a shattered altar of Ashenzari.
  2572 | D:6      | Killed Prince Ribbit
  2572 | D:6      | Reached skill level 6 in Axes
  2572 | D:6      | Reached XP level 8. HP: 65/75 MP: 7/9
  2679 | D:7      | Noticed a two-headed ogre
  2692 | D:7      | Killed from afar by an orc priest

Illustrated notes

Levels and vault maps discovered:
D:1:      lemuel_arrival_river_ford, layout_loops_ring
D:2:      layout_basic, uniq_crazy_yiuf_cottage, uniq_sigmund
D:3:      layout_basic, feat_on_display
D:4:      layout_cave_pods, minmay_temple_entry_ruins,
          makhleb_blood_cavern_becter
D:5:      layout_basic
D:6:      layout_cave_pools, lemuel_crystal_altar, tgw_sif, uniq_prince_ribbit1
D:7:      layout_cave_pods, kennysheep_big_empty_room
Temple:   nicolae_temple_the_god_donut

Skill      XL: |  1  2  3  4  5  6  7 |
---------------+----------------------+-----
Fighting       | 3 4 5 |  5.6
Axes           | 3 4 6 |  6.1
Armour         | 4 5 |  5.3
Invocations    | 1 2 4 |  4.1
Shields        | 4 |  4.2
Dodging        | 1 2 |  2.7

Action                   |  1- 3 |  4- 6 |  7- 9 || total
-------------------------+-------+-------+-------++-------
Melee: War axe           |    52 |   122 |    99 ||   273
 Abil: Heal Wounds       |     1 |     8 |    12 ||    21
  Use: Scroll            |       |     7 |       ||     7
Armor: Scale mail        |    21 |    32 |       ||    53
       Plate armour      |       |    17 |    43 ||    60
Dodge: Dodged            |    24 |    31 |    26 ||    81
Block: Kite shield       |    27 |    76 |    71 ||   174

Table legend: (Time is in decaauts)
 A = Elapsed time spent in this place.
 B = Non-inter-level travel time spent in this place.
 C = Inter-level travel time spent in this place.
 D = Time resting spent in this place.
 E = Time spent auto-exploring this place.
 F = Levels seen in this place.
 G = Mean time per level.
                   A        B        C        D        E       F      G
               +--------+--------+--------+--------+--------+-----+--------+
         Total |   2794 |   2610 |    184 |      0 |   1937 |   8 |  349.2 |
       Dungeon |   2519 |   2362 |    157 |      0 |   1704 |   7 |  359.9 |
        Temple |    275 |    248 |     27 |      0 |    233 |   1 |  275.0 |
               +--------+--------+--------+--------+--------+-----+--------+

Top non-repeatable levels by time:
     D:4: 911 daAuts
     D:6: 620 daAuts
     D:5: 588 daAuts
  Temple: 275 daAuts
     D:2: 173 daAuts
     D:3: 167 daAuts
     D:1: 42 daAuts
     D:7: 14 daAuts
